 Dungeon Crawl Stone Soup version 0.27-a0-1456-gf5a116941d (webtiles) character file.

Game seed: 11639266556771141904

1 nyamberluvr69 the Poker (level 1, 0/16 HPs)
             Began as a Merfolk Gladiator on July 6, 2021.
             Slain by a jackal (3 damage)
             ... on level 1 of the Dungeon.
             The game lasted 00:00:29 (44 turns).

nyamberluvr69 the Poker (Merfolk Gladiator)           Turns: 44, Time: 00:00:30

Health: 0/16       AC:  4    Str: 14    XL:     1   Next: 20%
Magic:  1/1        EV: 16    Int:  7    God:
Gold:   0          SH:  0    Dex: 15    Spells: 0/0 levels left

rFire    . . .     SeeInvis .   a - +0 trident
rCold    . . .     Faith    .   (no shield)
rNeg     . . .     Spirit   .   b - +0 leather armour
rPois    .         Reflect  .   c - +0 helmet
rElec    .         Harm     .   (no cloak)
rCorr    .         Rampage  .   (no gloves)
Will     .....                  (boots currently unavailable)
Stlth    ++........             (no amulet)
HPRegen  0.05/turn              (no ring)
MPRegen  0.07/turn              (no ring)

@: very quick
A: nimble swimmer 2, mertail
a: no special abilities


You were on level 1 of the Dungeon.
You visited 1 branch of the dungeon, and saw 1 of its levels.

Inventory:

Hand Weapons
 a - a +0 trident (weapon)
Missiles
 d - a throwing net (quivered)
Armour
 b - a +0 leather armour (worn)
 c - a +0 helmet (worn)
Scrolls
 e - a scroll of teleportation {unknown}


   Skills:
 + Level 2.2 Fighting
 + Level 4.4 Polearms
 - Level 2.0 Throwing
 - Level 4.0 Dodging


You couldn't memorise any spells.
You didn't know any spells.
Your spell library was empty.

Dungeon Overview and Level Annotations

Branches:
Dungeon (1/15)

Altars:


Innate Abilities, Weirdness & Mutations

You are quick and stealthy near water. (Stealth+, EV+, Speed+++)
Your lower body shifts to a powerful aquatic tail in water.


Message History

There is a staircase leading out of the dungeon here.
The jackal barely misses you. The jackal barely misses you. x2
The jackal bites you but does no damage.
The jackal barely misses you.
You aren't carrying any potions.
The jackal misses you. The jackal closely misses you.
The jackal closely misses you. The jackal closely misses you.
Your legs become a tail as you enter the water.
Found a faded altar of an unknown god.
You barely miss the jackal. The jackal closely misses you.
The jackal misses you. The jackal barely misses you.
You miss the jackal. You tail-slap the jackal.
The jackal is severely wounded.
The jackal bites you but does no damage.
Your leather armour prevents you from hitting the jackal.
The jackal is severely wounded.
The jackal barely misses you. The jackal bites you. x2
* * * LOW HITPOINT WARNING * * *
The jackal closely misses you. The jackal misses you.
You aren't carrying any potions.
Unknown command.
Throw: 3 throwing nets
Press: ? - help, Q - select action Shift-Dir - straight line, f - jackal
Aim: a jackal (53% to hit)
You throw a throwing net.
The throwing net barely misses the jackal.
The jackal closely misses you. x2; The jackal completely misses you.
Throw: 2 throwing nets
Press: ? - help, Q - select action Shift-Dir - straight line, f/p - jackal
Aim: a jackal (53% to hit)
You throw a throwing net. The throwing net hits the jackal.
The jackal is caught in the net!
The jackal bites you.
* * * LOW HITPOINT WARNING * * *
The jackal closely misses you.
The jackal struggles against the net.
The jackal bites you.
You die...

..#_#..#...
.#.#..#..#####
#...≈........# ...
#P..⌠.P......# ...
#...⌠.≈P......
#..P.#...≈PPP......
#.. #...#.≈.P.........
#.... #..#P.P≈P@h.(#
##.....
#..#####hh.#..##.....#
#...h.......##.....#
###.#########.....#
#.h.........8..#
#.........<...##
#...........>..##
###########.....##
##....[##


You could see 3 jackals.

Vanquished Creatures
  A ball python (D:1)
1 creature vanquished.

Notes
Turn   | Place    | Note
-------+----------+-------------------------------------------
     0 | D:1      | nyamberluvr69 the Merfolk Gladiator began the quest for the
                  | Orb.
     0 | D:1      | Reached XP level 1. HP: 16/16 MP: 1/1
    39 | D:1      | Found a faded altar of an unknown god.
    44 | D:1      | Slain by a jackal

Illustrated notes

Levels and vault maps discovered:
D:1:      psy_arrival_spokes, layout_basic,
          shapermc_ecumenical_altar_mp_ritualfount, minmay_misc_feat_square,
          minmay_misc_feat_hallway, grunt_decor_fettered

Action                   || total
-------------------------++-------
Melee: Trident           ||     9
       Tailslap          ||     1
Throw: Throwing net      ||     2
Armor: Leather armour    ||     4
Dodge: Dodged            ||    41

Table legend: (Time is in decaauts)
 A = Elapsed time spent in this place.
 B = Non-inter-level travel time spent in this place.
 C = Inter-level travel time spent in this place.
 D = Time resting spent in this place.
 E = Time spent auto-exploring this place.
 F = Levels seen in this place.
 G = Mean time per level.
                   A        B        C        D        E       F      G
               +--------+--------+--------+--------+--------+-----+--------+
         Total |     44 |     44 |      0 |      0 |      8 |   1 |   44.0 |
       Dungeon |     44 |     44 |      0 |      0 |      8 |   1 |   44.0 |
               +--------+--------+--------+--------+--------+-----+--------+

Top non-repeatable levels by time:
     D:1: 44 daAuts
